 Dungeon Crawl Stone Soup version 0.27-a0-686-gaed091b46b (webtiles) character file.

Game seed: 9958096347107243693

40 Lanoc the Cudgeller (level 3, -3/34 HPs)
             Began as a Naga Chaos Knight on Mar 20, 2021.
             Was a Plaything of Xom.
             Slain by an orc
             ... wielding a +0 flail
              (10 damage)
             ... on level 3 of the Dungeon.
             The game lasted 00:01:48 (1010 turns).

Lanoc the Cudgeller (Naga Chaos Knight)             Turns: 1010, Time: 00:01:48

Health: -3/34      AC:  4    Str: 14    XL:     3   Next: 50%
Magic:  3/3        EV:  9    Int: 12    God:    Xom [...*..]
Gold:   77         SH:  0    Dex: 11    Spells: 2/2 levels left

rFire    . . .     SeeInvis +   a - +0 mace (chaos)
rCold    . . .     Faith    .   (no shield)
rNeg     . . .     Spirit   .   b - +2 leather armour
rPois    +         Reflect  .   (no helmet)
rElec    .         Harm     .   (no cloak)
rCorr    .         Rampage  .   (no gloves)
Will     .....                  (no barding)
Stlth    +.........             (no amulet)
HPRegen  0.11/turn              (no ring)
MPRegen  0.08/turn              (no ring)

@: short of breath, very slow
A: AC +1, large, see invisible, deformed body, poison resistance, slowness 2,
spit poison 1, naga tail 1
a: Spit Poison, Renounce Religion


You were on level 3 of the Dungeon.
You worshipped Xom.
You were a favourite toy of Xom.
You visited 1 branch of the dungeon, and saw 3 of its levels.

You collected 77 gold pieces.

Inventory:

Hand Weapons
 a - a +0 mace of chaos (weapon)
Armour
 b - a +2 leather armour (worn)
Scrolls
 f - 3 scrolls of enchant armour {unknown}
 g - a scroll of vulnerability {unknown}
 h - a scroll of noise {unknown}
Potions
 d - a potion of berserk rage {unknown}
 e - a potion of attraction {unknown}


   Skills:
 + Level 3.3 Fighting
 * Level 3.8 Maces & Flails
 - Level 1.5 Armour
 + Level 1.4 Dodging


You had 2 spell levels left.
You didn't know any spells.
Your spell library was empty.

Dungeon Overview and Level Annotations

Branches:
Dungeon (3/15)

Altars:


Innate Abilities, Weirdness & Mutations

Your serpentine skin is tough. (AC +1)
You have supernaturally acute eyesight. (SInv)
Armour fits poorly on your strangely shaped body.
Your system is resistant to poisons. (rPois)
You cover ground very slowly.
You can spit poison.
You have a snake-like lower body.


Message History

You hit the orc. You freeze the orc.
You kill the orc!
No target in view!
Things that are here:
5 boomerangs; an orc corpse
g - a scroll labelled KAGISHEPSU
Things that are here:
5 boomerangs; an orc corpse
Found a stone staircase leading down.
There is a stone staircase leading down here.
h - a scroll labelled VIWEWO VUSHRUA
Found an escape hatch in the ceiling.
You now have 77 gold pieces (gained 11).
There is an escape hatch in the ceiling here. 2 orcs come into view.
The orc shouts!
An orc comes into view. It is wielding a +0 flail.
The orc moves out of view.
An orc comes into view. It is wielding a +0 dagger.
Press: ? - help, Shift-Dir - straight line, f - orc
Aim: an orc, wielding a +0 flail The splash of poison misses the orc.
The orc shouts!
The orc hits you with a +0 flail.
You barely miss the orc. The orc barely misses you.
You hit the orc but do no damage. The orc hits you with a +0 flail.
You hit the orc.
The orc is almost dead.
The orc barely misses you.
You closely miss the orc.
The orc is almost dead.
You have got your breath back.
The orc barely misses you. The orc hits you with a +0 flail!
Press: ? - help, Shift-Dir - straight line, f/p - orc
Aim: an orc, wielding a +0 flail (severely wounded)
The splash of poison misses the orc.
The orc hits you with a +0 flail!
* * * LOW HITPOINT WARNING * * *
It was a potion of magic.
Magic courses through your body. The orc hits you with a +0 flail!
You die...

.....
#.#...#
#..#.# ...
##...>#
#..#.# ...
##.#.#
#..#.# .o.
#.#.# #..#.#
#.#
#.#.###.<#.#
#o#
#.#........#
#o#
#.#####..###
#o### #.#
#..# #.@.#
#.# #..##
###.####.#
#...#
#<...#.#
##(<##
###....#
#....
##.#.###
##.##
#.###.# #.#
##.#.## #.#
##..# #.#
#..# #.#


You could see 4 orcs.

Vanquished Creatures
  An adder (D:2)
  An ooze (D:2)
  A dart slug (D:2)
  An orc (D:3)
  A giant cockroach (D:1)
  A goblin (D:2)
  3 hobgoblins (D:2)
  4 jackals (D:2)
  A quokka (D:2)
  3 ball pythons (D:2)
  2 bats (D:2)
  A frilled lizard (D:2)
  5 kobolds
25 creatures vanquished.

Notes
Turn   | Place    | Note
-------+----------+-------------------------------------------
     0 | D:1      | Lanoc the Naga Chaos Knight began the quest for the Orb.
     0 | D:1      | Reached XP level 1. HP: 21/21 MP: 1/1
    36 | D:1      | XOM: divination: magic mapping
    40 | D:2      | XOM: noise
    45 | D:2      | Reached skill level 1 in Dodging
    62 | D:2      | Reached XP level 2. HP: 25/28 MP: 2/2
   228 | D:2      | XOM: divination: detect items
   259 | D:2      | XOM: 4-stop teleportation journey
   302 | D:2      | XOM: give mutations
   302 | D:2      | Gained mutation: Your muscles are strong. (Str +2) [Xom's
                  | mischief]
   302 | D:2      | Lost mutation: Your muscles are strong. (Str +2) [Xom's
                  | mischief]
   408 | D:2      | Reached XP level 3. HP: 21/34 MP: 3/3
   686 | D:2      | XOM: scenery: 1 doors open, 1 doors close
  1010 | D:3      | Slain by an orc

Illustrated notes

Levels and vault maps discovered:
D:1:      dpeg_arrival_arbitrary_a, layout_basic, minmay_tromino_v4_a
D:2:      layout_basic, xom_redecorated, uniq_natasha
D:3:      layout_loops_ring, chequers_ecumenical_altar_island,
          eino_tiny_chamber, uniq_terence

Skill      XL: |  1 |
---------------+----+-----
Dodging        | 1 |  1.4
Fighting       | |  3.3
Maces & Flails | |  3.8
Armour         | |  1.5

Action                   || total
-------------------------++-------
Melee: Mace              ||    59
 Abil: Spit Poison       ||    18
  Use: Potion            ||     1
Armor: Leather armour    ||    21
Dodge: Dodged            ||    41

Table legend: (Time is in decaauts)
 A = Elapsed time spent in this place.
 B = Non-inter-level travel time spent in this place.
 C = Inter-level travel time spent in this place.
 D = Time resting spent in this place.
 E = Time spent auto-exploring this place.
 F = Levels seen in this place.
 G = Mean time per level.
                   A        B        C        D        E       F      G
               +--------+--------+--------+--------+--------+-----+--------+
         Total |   1175 |   1175 |      0 |    138 |    848 |   3 |  391.7 |
       Dungeon |   1175 |   1175 |      0 |    138 |    848 |   3 |  391.7 |
               +--------+--------+--------+--------+--------+-----+--------+

Top non-repeatable levels by time:
     D:2: 1029 daAuts
     D:3: 91 daAuts
     D:1: 54 daAuts
